 Dungeon Crawl Stone Soup version 0.23-a0-584-g44dd78f (webtiles) character file.

1418 tatocazan the Slasher (level 8, -1/56 HPs)
             Began as an Octopode Fighter on Dec 17, 2018.
             Slain by an orc priest
             ... wielding a +0 dagger
              (5 damage)
             ... on level 6 of the Dungeon.
             The game lasted 00:07:35 (6781 turns).

tatocazan the Slasher (Octopode Fighter)            Turns: 6781, Time: 00:07:36

Health: -1/56      AC:  1    Str: 15    XL:     8   Next: 71%
Magic:  8/8        EV: 15    Int: 10    God:
Gold:   201        SH: 10    Dex: 18    Spells: 7/7 levels left

rFire    . . .     SeeInvis .   u - +4 rapier of Defilement {flame, +Inv +Fly rPois Stlth-}
rCold    . . .     Gourm    .   b - +0 shield
rNeg     . . .     Faith    .   (helmet restricted)
rPois    +         Spirit   .   (no amulet)
rElec    .         Reflect  .   i - +4 ring of dexterity (curse)
rCorr    .         Harm     .   j - ring of wizardry
MR       .....                  (no ring)
Stlth    +++.......             (no ring)
HPRegen  0.18/turn              (no ring)
MPRegen  0.11/turn              (no ring)
                                (no ring)
                                (no ring)

@: hasted, very quick
A: almost no armour, stealthy swim, amphibious, 8 rings, constrict 8, camouflage
1, gelatinous body 1
a: Evoke Invisibility, Evoke Flight


You were on level 6 of the Dungeon.
You were hungry.

You visited 1 branch of the dungeon, and saw 6 of its levels.

You collected 201 gold pieces.

Inventory:

Hand Weapons
 a - a +0 long sword
 u - the +4 rapier of Defilement (weapon) {flame, +Inv +Fly rPois Stlth-}
   (You found it on level 4 of the Dungeon)

   It has been specially enchanted to burn those struck by it, causing extra
   injury to most foes and up to half again as much damage against particularly
   susceptible opponents.
   It protects you from poison.
   It lets you turn invisible.
   It lets you fly.
   It makes you less stealthy.
Armour
 b - a +0 shield (worn)
Jewellery
 i - a cursed +4 ring of dexterity (left tentacle)
 j - a ring of wizardry (right tentacle)
Wands
 o - a wand of digging (7)
 q - a wand of paralysis (13)
Scrolls
 e - 2 scrolls of identify
 g - 2 scrolls of amnesia
 l - a scroll of magic mapping {unknown}
 r - 4 scrolls of remove curse {unknown}
 s - 3 scrolls of teleportation {unknown}
 v - 2 scrolls of blinking {unknown}
Potions
 c - 2 potions of might
 h - a potion of resistance {unknown}
 k - a potion of agility {unknown}
 m - a potion of magic {unknown}
 n - a potion of haste
 p - 3 potions of lignification
 t - a potion of ambrosia {unknown}
Comestibles
 d - 9 rations


   Skills:
 + Level 5.5 Fighting
 * Level 6.7 Long Blades
 + Level 5.6 Dodging
 - Level 4.2 Stealth
 + Level 4.5 Shields


You had 7 spell levels left.
You didn't know any spells.
Your spell library contained the following spells:

 Spells                   Type           Power        Failure   Level  Hunger
 Magic Dart               Conj           #...         47%         1    ##.....
 Blink                    Tloc           N/A          61%         2    ###....
 Call Imp                 Summ           #.......     61%         2    ###....
 Slow                     Hex            #.......     61%         2    ###....
 Conjure Flame            Conj/Fire      #.......     83%         3    ####...
 Mephitic Cloud           Conj/Pois/Air  #.......     83%         3    ####...


Dungeon Overview and Level Annotations

Branches:
Dungeon (6/15)
 Temple: D:4-7

Altars:

Annotations:
D:4 1 runed door, Buffagor's ghost, novice NaFi


Innate Abilities, Weirdness & Mutations

You cannot wear most types of armour.
You are very stealthy in the water. (Stealth+)
You are amphibious.
You can wear up to eight rings at the same time.
You can use your tentacles to constrict eight enemies at once.
Your skin changes colour to match your surroundings (Stealth+).
Your rubbery body absorbs attacks. (AC +1, EV +1)


Message History

You take 2 damage, and have 2/56 hp.
You completely miss the orc priest. You squeeze the orc priest.
The orc priest is heavily wounded.
You constrict the orc priest, but do no damage.
The orc priest looks braver for a moment.
You block the leopard gecko's attack.
You feel better.
You constrict the orc priest, but do no damage.
The leopard gecko closely misses you.
The orc priest hits you with a +0 dagger.
* * * LOW HITPOINT WARNING * * *
You regained 2 hp, and now have 4/56 hp.
You barely miss the leopard gecko. You grab the leopard gecko.
You constrict the orc priest. You constrict the leopard gecko.
You block the leopard gecko's attack.
You puncture the leopard gecko! You burn the leopard gecko.
You kill the leopard gecko!
You constrict the orc priest, but do no damage.
The orc priest hits you with a +0 dagger.
You die...

####...############
#<#...# #.#...### ##
#.#.#...#
..#...###.##########
...#####
#........... .....
############
..#.################
#?#@#...............
###
#.#o#.##############
+..##.#h#.#
#...).o..#
#........# ######
#.......(# #....<
.......#######
#.#### ....... #.#
....... #.#


You could see a hound, an orc priest and an orc.

Vanquished Creatures
  A hippogriff (D:6)
  An orc warrior (D:6)
  A phantom (D:4)
  2 ogres
  2 centaurs (D:5)
  A bullfrog (D:6)
  A scorpion (D:5)
  A howler monkey (D:4)
  2 crimson imps
  An orc priest (D:5)
  A hound (D:5)
  A bullfrog skeleton (D:5)
  A jelly (D:5)
  2 iguanas
  3 orc wizards (D:5)
  2 worker ants
  2 hound skeletons (D:5)
  2 worker ant zombies
  3 gnolls
  5 adders
  An ooze (D:3)
  3 worms
  A dart slug (D:2)
  6 leopard geckos
  8 orcs
  13 bats
  5 giant cockroaches
  8 goblins
  6 hobgoblins
  11 jackals
  6 kobolds
  2 ball pythons
  3 frilled lizards
  5 rats
  2 rat zombies (D:4)
115 creatures vanquished.

Notes
Turn   | Place    | Note
-------+----------+-------------------------------------------
     0 | D:1      | tatocazan the Octopode Fighter began the quest for the Orb.
     0 | D:1      | Reached XP level 1. HP: 16/16 MP: 1/1
   327 | D:1      | Reached XP level 2. HP: 21/21 MP: 2/2
   805 | D:1      | Reached XP level 3. HP: 26/26 MP: 3/3
  1223 | D:1      | Reached skill level 1 in Stealth
  1841 | D:2      | Reached XP level 4. HP: 31/31 MP: 4/4
  2024 | D:2      | Reached skill level 3 in Long Blades
  2810 | D:3      | Reached XP level 5. HP: 36/36 MP: 5/5
  3425 | D:3      | Found a faded altar of an unknown god.
  4068 | D:3      | Reached XP level 6. HP: 43/43 MP: 6/6
  4119 | D:4      | Reached skill level 4 in Long Blades
  4134 | D:4      | Got a twisted rapier
  4135 | D:4      | Identified the +4 rapier of Defilement {flame, +Inv +Fly
                  | rPois Stlth-} (You found it on level 4 of the Dungeon)
  4164 | D:4      | Noticed a phantom
  4179 | D:4      | Killed a phantom
  4362 | D:4      | Found a runed door.
  4383 | D:4      | Noticed Buffagor's ghost (novice NaFi)
  4636 | D:4      | Reached XP level 7. HP: 18/49 MP: 7/7
  4716 | D:4      | Found a sand-covered staircase.
  5232 | D:5      | Entered Level 5 of the Dungeon
  5261 | D:5      | Reached skill level 5 in Long Blades
  5807 | D:5      | Reached skill level 5 in Dodging
  5807 | D:5      | Reached XP level 8. HP: 54/54 MP: 8/8
  5870 | D:5      | Reached skill level 5 in Fighting
  5912 | D:5      | Reached skill level 6 in Long Blades
  6741 | D:6      | Noticed a hippogriff
  6768 | D:6      | Killed a hippogriff
  6777 | D:6      | HP: 2/56 [leopard gecko (2)]
  6781 | D:6      | Slain by an orc priest

Vault maps used:
D:1:      scummos_arrival_star
D:2:      first_ration
D:3:      chequers_ecumenical_altar_simple_redux
D:4:      gammafunk_ghost_grave, enter_ossuary_4
D:5:      roderic_serpentine_path
D:6:      temple_statues

Skill      XL: |  1  2  3  4  5  6  7  8 |
---------------+-------------------------+-----
Stealth        | 1 2 3 4 |  4.2
Long Blades    | 3 4 5 6 |  6.7
Dodging        | 4 5 |  5.6
Fighting       | 4 5 |  5.5
Shields        | 4 |  4.5

Action                   |  1- 3 |  4- 6 |  7- 9 || total
-------------------------+-------+-------+-------++-------
Melee: Long sword        |    53 |    94 |       ||   147
       Constrict         |    17 |    28 |    20 ||    65
       Tentacles         |     8 |    24 |    24 ||    56
       Rapier            |       |    15 |    86 ||   101
Evoke: Wand              |       |       |     1 ||     1
  Use: Potion            |       |     2 |     7 ||     9
       Scroll            |       |     2 |     3 ||     5
 Stab: Sleeping          |     9 |    12 |     4 ||    25
       Distracted        |       |     1 |     1 ||     2
  Eat: Chunk             |     2 |    10 |     2 ||    14
       Ration            |       |       |     1 ||     1
Armor: Skin              |     7 |     5 |     1 ||    13
Dodge: Dodged            |    24 |    50 |    43 ||   117
Block: Shield            |    28 |    34 |    39 ||   101
       Rpst.: Long sword |    11 |    14 |       ||    25

Table legend:
 A = Non-vault XP
 B = Vault XP
 C = Vault XP percentage of total XP
 D = Non-vault monster count
 E = Vault monster count
 F = Vault count percentage of total count
                 A         B        C        D         E       F
            +---------+---------+-------+---------+---------+-------
      Total |    2024 |       2 |   0.1 |     113 |       2 |   1.7
            +---------+---------+-------+---------+---------+-------
        D:1 |      48 |       0 |   0.0 |      29 |       0 |   0.0
        D:2 |     127 |       0 |   0.0 |      23 |       0 |   0.0
        D:3 |     157 |       0 |   0.0 |      27 |       0 |   0.0
        D:4 |     367 |       2 |   0.5 |       5 |       2 |  28.6
        D:5 |     841 |       0 |   0.0 |      23 |       0 |   0.0
        D:6 |     484 |       0 |   0.0 |       6 |       0 |   0.0
            +---------+---------+-------+---------+---------+-------
